 Dungeon Crawl Stone Soup version 0.31.0-9-g3a7656b989 (webtiles) character file.

Game seed: 1114263503089759145

1418 qw the Skirmisher (level 8, -5/46 HPs)
             Began as a Deep Elf Hunter on Feb 2, 2024.
             Was a Follower of Okawaru.
             Slain by an orc
             ... wielding a +0 trident
              (8 damage)
             ... on level 6 of the Dungeon.
             The game lasted 00:00:24 (4495 turns).

qw the Skirmisher (Deep Elf Hunter)                 Turns: 4495, Time: 00:00:24

Health: -5/46      AC:  3    Str: 10    XL:     8   Next: 43%
Magic:  12/12      EV: 14    Int: 15    God:    Okawaru [*.....]
Gold:   215        SH:  4    Dex: 18    Spells: 7/7 levels left

rFire   . . .        o - +0 shortbow (flame)
rCold   . . .        (shield currently unavailable)
rNeg    . . .        b - +0 robe "Saaneblu" {rElec rPois}
rPois   +            r - +1 hat
rElec   +            q - scarf {repulsion}
rCorr   .            (no gloves)
SInv    +            (no boots)
Will    .....        (no amulet)
Stlth   ++           g - +4 ring of slaying {mikee}
HPRegen 0.27/turn    n - ring of see invisible
MPRegen 0.13/turn

%: repel missiles
@: weakened
A: antennae 1, large bone plates 1, screaming 1, inability to read after injury
1
a: Renounce Religion, Heroism


You were on level 6 of the Dungeon.
You worshipped Okawaru.
Okawaru was aware of your devotion.
You visited 2 branches of the dungeon, and saw 7 of its levels.

You collected 339 gold pieces.
You spent 124 gold pieces at shops.


Innate Abilities, Weirdness & Mutations

You have a pair of small antennae on your head.
You are partially covered in large bone plates. (SH +4)
You occasionally shout uncontrollably at your foes.
You occasionally lose the ability to read scrolls when taking damage.


   Skills:
 - Level 3.0 Fighting
 + Level 12.2 Ranged Weapons
 - Level 5.0 Dodging
 - Level 1.2 Stealth
 + Level 3.6 Invocations


You had 7 spell levels left.
You didn't know any spells.
Your spell library was empty.

Inventory:

Hand Weapons
 o - a +0 shortbow of flaming (weapon)
Armour
 b - the +0 robe "Saaneblu" (worn) {rElec rPois}
   (You found it on level 2 of the Dungeon)

   rElec:     It insulates you from electricity.
   rPois:     It protects you from poison
 e - a +0 robe of resistance
 p - a +3 leather armour
 q - a scarf of repulsion (worn)
 r - a +1 hat (worn)
Jewellery
 g - a +4 ring of slaying (left hand) {mikee}
 n - a ring of see invisible (right hand)
Wands
 a - a wand of flame (21)
 d - a wand of digging (3)
 t - a wand of paralysis (9)
Potions
 c - 2 potions of enlightenment
 f - a potion of haste {unknown}
 h - a potion of might {unknown}
 i - a potion of invisibility {unknown}
 j - a potion of resistance {unknown}
 k - 3 potions of curing
 l - a potion of degeneration {unknown}
 u - a potion of heal wounds {unknown}

Dungeon Overview and Level Annotations

Branches:
Dungeon (6/15)             Temple (1/1) D:4

Altars:
Ashenzari
Elyvilon
Fedhas
Gozag
Okawaru
Sif Muna
Vehumet
Yredelemnul
Zin

Shops:
D:2 =((   D:3 *

Annotations:
D:5 1 runed translucent door, Crazy Yiuf


Message History

The arrow barely misses the gnoll bouda.
The arrow hits the gnoll but does no damage.
The gnoll bouda hits you with a +0 whip.
The gnoll closely misses you.
You shoot an arrow.
The arrow barely misses the gnoll bouda.
The arrow hits the gnoll.
The arrow burns the gnoll.
The gnoll is lightly wounded.
The gnoll bouda hits you with a +0 whip!
You shoot an arrow. The arrow hits the gnoll bouda.
The arrow burns the gnoll bouda.
The gnoll bouda is moderately wounded.
The gnoll hits you from afar with a +0 spear.
The gnoll bouda calls upon its god to heal the gnoll.
The gnoll's wounds heal themselves!
You shoot an arrow.
The arrow barely misses the gnoll bouda.
The arrow hits the gnoll but does no damage.
The gnoll misses you.
You shoot an arrow.
The arrow barely misses the gnoll bouda.
The arrow hits the gnoll!
The arrow burns the gnoll.
You kill the gnoll!
Okawaru accepts your kill.
The gnoll bouda gazes fiercely through you!
You feel your attacks grow feeble.
The gnoll bouda hits you with a +0 whip!
The gnoll misses you.
You shoot an arrow.
The arrow barely misses the gnoll bouda.
The arrow hits the orc.
The arrow burns the orc.
The orc is moderately wounded.
The orc barely misses you.
The gnoll bouda hits you with a +0 whip.
The gnoll hits you from afar with a +0 spear.
You shoot an arrow. The arrow hits the gnoll bouda!
The arrow burns the gnoll bouda.
The gnoll bouda is almost dead.
The orc hits you from afar with a +0 trident!
You die...

########.##..........#
{ #..##.........#
#.............#
#.............#
#.............#
#..##.......#.#
#.....##....#.#
#...###.......## #####
###@##...####+# ....
###g##........# .s..(
#.go##.........
#$$#..##.)##.........
$##$.g'...<#.........
$##g.g'.......>...##.
#$$#g.##....S...)....
.....##..............
....##...............


You could see a gnoll bouda, a gnoll (swift) and an orc.

Vanquished Creatures
  Sigmund (D:2)
  A water moccasin (D:6)
  2 ice beasts
  A black bear (D:5)
  An ogre (D:5)
  4 scorpions
  2 bombardier beetles
  A jelly (D:4)
  2 hounds
  2 sleepcaps (D:4)
  An iguana (D:5)
  Ijyb (D:5)
  3 orc wizards
  7 gnolls
  5 adders
  A shadow imp (D:5)
  4 ribbon worms
  8 dart slugs
  5 orcs
  8 ball pythons
  4 endoplasms
  4 giant cockroaches
  3 goblins (D:2)
  3 hobgoblins
  2 jackals (D:2)
  3 quokkas
  6 bats
  5 frilled lizards
  10 kobolds
  2 rats
102 creatures vanquished.

Notes
Turn   | Place    | Note
-------+----------+-------------------------------------------
     0 | D:1      | qw the Deep Elf Hunter began the quest for the Orb.
     0 | D:1      | Reached XP level 1. HP: 12/12 MP: 3/3
     0 | D:1      | 0 ||| qw: Version: 0.3-a-155-g5e7d8dd
     0 | D:1      | 0 ||| qw: Game counter: 1617
     0 | D:1      | 0 ||| qw: Melee chars always use a shield: true
     0 | D:1      | 0 ||| qw: God list: Okawaru
     0 | D:1      | 0 ||| qw: Allow faded altars: false
     0 | D:1      | 0 ||| qw: Do Orc after clearing Dungeon:15 true
     0 | D:1      | 0 ||| qw: Do second Lair branch before Depths: true
     0 | D:1      | 0 ||| qw: Lair rune preference: random
     0 | D:1      | 0 ||| qw: Goals: Normal
     0 | D:1      | 0 ||| PLANNING D:1-11
   171 | D:1      | Reached skill level 6 in Ranged Weapons
   171 | D:1      | Reached XP level 2. HP: 16/16 MP: 4/4
   576 | D:1      | 576 ||| UPGRADING to +4 ring of slaying {mikee}.
   577 | D:1      | 577 ||| UPGRADING to ring of see invisible.
   578 | D:1      | 578 ||| READING scroll labelled WEUGYB PUIMAOQ.
   578 | D:1      | 578 ||| IDENTIFYING yellow potion
   579 | D:1      | 579 ||| READING scroll labelled QERE RUURUXORA.
   580 | D:1      | 580 ||| READING scroll labelled RUUDWUMUNK.
   609 | D:1      | 609 ||| READING scroll labelled ONEINUIMEA.
   610 | D:1      | 610 ||| READING scroll labelled INGEIF OKIURCH.
   610 | D:1      | 610 ||| ENCHANTING +0 shortbow.
   611 | D:1      | 611 ||| READING scroll labelled PEMI CIZECWOPA.
   612 | D:1      | 612 ||| DROPPING scroll of butterflies.
   613 | D:1      | 613 ||| DROPPING potion of lignification.
   625 | D:2      | Identified the +0 robe "Saaneblu" {rElec rPois}
   689 | D:2      | Reached XP level 3. HP: 20/20 MP: 5/5
   746 | D:2      | Noticed Sigmund
   750 | D:2      | Killed Sigmund
   751 | D:2      | Reached skill level 9 in Ranged Weapons
   751 | D:2      | Reached XP level 4. HP: 25/25 MP: 6/6
   751 | D:2      | Reached XP level 5. HP: 29/29 MP: 7/7
  1068 | D:2      | Found Xaeng's Jewellery Shop.
  1097 | D:2      | 1097 ||| SHOPLISTING +5 ring of evasion (396 gold, have
                  | 102).
  1097 | D:2      | 1097 ||| SHOPLISTING +6 ring of dexterity (396 gold, have
                  | 102).
  1097 | D:2      | 1097 ||| SHOPLISTING amulet "Raloen" {Spirit Harm Rampage
                  | rPois Dex-3} (383 gold, have 102).
  1097 | D:2      | 1097 ||| SHOPLISTING amulet of reflection (330 gold, have
                  | 102).
  1097 | D:2      | 1097 ||| SHOPLISTING ring of fire (275 gold, have 102).
  1097 | D:2      | 1097 ||| SHOPLISTING ring of positive energy (220 gold,
                  | have 102).
  1105 | D:2      | Found Lubbeschi's Weapon Shoppe.
  1144 | D:2      | Found Edegebb's Weapon Emporium.
  1150 | D:2      | 1150 ||| BUYING +0 shortbow of flaming (74 gold).
  1150 | D:2      | Bought a +0 shortbow of flaming for 74 gold pieces
  1150 | D:2      | 1150 ||| SWAPPING to +0 shortbow of flaming.
  1151 | D:2      | 1151 ||| DROPPING +0 shortbow.
  1257 | D:2      | Reached skill level 3 in Dodging
  1258 | D:2      | 1258 ||| UPGRADING to +0 robe "Saaneblu" {rElec rPois}.
  1268 | D:2      | 1268 ||| READING scroll labelled XABATZ COFAEKEBY.
  1269 | D:2      | 1269 ||| READING scroll labelled ILA LID QIOSHRO.
  1270 | D:2      | 1270 ||| READING scroll labelled POECYLL LUUFE.
  1271 | D:2      | 1271 ||| DRINKING 2 orange potions.
  1366 | D:3      | Reached XP level 6. HP: 26/35 MP: 8/8
  1448 | D:3      | Found Uvvutsij's Assorted Antiques.
  1457 | D:3      | 1457 ||| BUYING coppery potion (25 gold).
  1457 | D:3      | Bought a coppery potion for 25 gold pieces
  1457 | D:3      | 1457 ||| BUYING fuming green potion (25 gold).
  1457 | D:3      | Bought a fuming green potion for 25 gold pieces
  1457 | D:3      | 1457 ||| SHOPLISTING ivory wand (112 gold, have 13).
  1457 | D:3      | 1457 ||| SHOPLISTING red potion (25 gold, have 13).
  1457 | D:3      | 1457 ||| SHOPLISTING shiny helmet (210 gold, have 13).
  1813 | D:3      | Reached skill level 10 in Ranged Weapons
  2026 | D:3      | 2026 ||| DROPPING +0 leather armour.
  2027 | D:3      | 2027 ||| UPGRADING to scarf of repulsion.
  2032 | D:3      | 2032 ||| READING scroll of identify.
  2032 | D:3      | 2032 ||| IDENTIFYING lumpy clear potion
  2033 | D:3      | 2033 ||| DROPPING potion of attraction.
  2398 | D:4      | Found a staircase to the Ecumenical Temple.
  2399 | D:4      | 2399 ||| PLANNING TEMPLE
  2399 | D:4      | 2399 ||| READING scroll labelled OFITRO YRCHIW.
  2406 | Temple   | Entered the Ecumenical Temple
  2407 | Temple   | 2407 ||| PLANNING OKAWARU WORSHIP
  2443 | Temple   | Became a worshipper of Warmaster Okawaru
  2444 | Temple   | 2444 ||| PLANNING D:1-11
  3010 | D:4      | 3010 ||| DRINKING 2 murky black potions.
  3011 | D:4      | 3011 ||| DRINKING 2 red potions.
  3011 | D:4      | Gained mutation: You have hidden genetic defects. [potion
                  | of mutation]
  3011 | D:4      | Gained mutation: You are frail. (-10% HP) [potion of
                  | mutation]
  3011 | D:4      | Gained mutation: Your muscles are strong. (Str +4, Int/Dex
                  | -1) [potion of mutation]
  3012 | D:4      | 3012 ||| DRINKING potion of mutation.
  3012 | D:4      | Lost mutation: You are frail. (-10% HP) [potion of
                  | mutation]
  3012 | D:4      | Lost mutation: You have hidden genetic defects. [potion of
                  | mutation]
  3012 | D:4      | Lost mutation: Your muscles are strong. (Str +4, Int/Dex
                  | -1) [potion of mutation]
  3012 | D:4      | Gained mutation: You have hidden genetic defects. [potion
                  | of mutation]
  3012 | D:4      | Gained mutation: You are partially covered in large bone
                  | plates. (SH +4) [potion of mutation]
  3012 | D:4      | Gained mutation: You have a pair of small antennae on your
                  | head. [potion of mutation]
  3037 | D:5      | Entered Level 5 of the Dungeon
  3038 | D:5      | 3038 ||| STAIRDANCE
  3044 | D:4      | Reached XP level 7. HP: 34/40 MP: 9/9
  3086 | D:5      | Gained mutation: You occasionally shout uncontrollably at
                  | your foes. [hidden defects]
  3228 | D:5      | Reached skill level 11 in Ranged Weapons
  3257 | D:5      | Gained mutation: You occasionally lose the ability to read
                  | scrolls when taking damage. [hidden defects]
  3257 | D:5      | Lost mutation: You have hidden genetic defects. [hidden
                  | defects expressed]
  3282 | D:5      | 3282 ||| RETREEEEATING.
  3283 | D:5      | 3283 ||| RETREEEEATING.
  3284 | D:5      | 3284 ||| RETREEEEATING.
  3285 | D:5      | 3285 ||| RETREEEEATING.
  3286 | D:5      | 3286 ||| RETREEEEATING.
  3287 | D:5      | 3287 ||| RETREEEEATING.
  3288 | D:5      | 3288 ||| RETREEEEATING.
  3289 | D:5      | 3289 ||| RETREEEEATING.
  3290 | D:5      | 3290 ||| RETREEEEATING.
  3291 | D:5      | 3291 ||| RETREEEEATING.
  3292 | D:5      | 3292 ||| RETREEEEATING.
  3293 | D:5      | 3293 ||| RETREEEEATING.
  3294 | D:5      | 3294 ||| RETREEEEATING.
  3295 | D:5      | 3295 ||| RETREEEEATING.
  3296 | D:5      | 3296 ||| RETREEEEATING.
  3310 | D:5      | Reached skill level 12 in Ranged Weapons
  3417 | D:5      | Reached * piety under Okawaru
  3446 | D:5      | Found a runed translucent door.
  3447 | D:5      | Noticed Crazy Yiuf
  3592 | D:5      | Found a radiant altar of Vehumet.
  3623 | D:5      | Noticed Ijyb
  3633 | D:5      | Paralysed by Ijyb for 2 turns
  3636 | D:5      | Killed Ijyb
  3879 | D:5      | Reached skill level 3 in Fighting
  3879 | D:5      | Reached skill level 1 in Invocations
  3879 | D:5      | Reached XP level 8. HP: 40/46 MP: 9/11
  4081 | D:5      | 4081 ||| UPGRADING to +1 hat.
  4086 | D:5      | 4086 ||| READING scroll labelled BAOBOBB QAOC.
  4128 | D:5      | 4128 ||| READING scroll labelled QOWATI DUBRUUR.
  4229 | D:5      | 4229 ||| READING scroll labelled QUIXIO TISEYV.
  4470 | D:6      | 4470 ||| RETREEEEATING.
  4472 | D:6      | 4472 ||| RETREEEEATING.
  4475 | D:6      | 4475 ||| RETREEEEATING.
  4476 | D:6      | 4476 ||| RETREEEEATING.
  4484 | D:6      | Reached skill level 3 in Invocations
  4494 | D:6      | HP: 6/46 [gnoll bouda/+0 whip (6)]
  4495 | D:6      | Slain by an orc

Levels and vault maps discovered:
D:1:      wheals_arrival_shading, layout_loops_ring, minmay_heptomino_h4
D:2:      layout_loops_cross, serial_shops, shop, shop, nicolae_diamond_shop,
          amethyst_killhole, uniq_sigmund
D:3:      layout_loops_ring, serial_shops, shop, chequers_serial_rivers_small_b,
          kennysheep_generic_room_7
D:4:      layout_layer_cave, minmay_temple_entry_statues_pillars
D:5:      layout_basic, kennysheep_little_box, minivault_23,
          uniq_crazy_yiuf_cottage, uniq_ijyb
D:6:      minmay_polygon_palace, layout_cave_pools, grunt_ministairs_11,
          kennysheep_generic_room_2
Temple:   hellmonk_temple_beads

Skill      XL: |  1  2  3  4  5  6  7  8 |
---------------+-------------------------+-----
Ranged Weapons | 6 9 10 12 | 12.2
Dodging        | 3 4 5 |  5.0
Fighting       | 2 3 |  3.0
Invocations    | 1 3 |  3.6
Stealth        | |  1.2

Action                     |  1- 3 |  4- 6 |  7- 9 || total
---------------------------+-------+-------+-------++-------
   Fire: Shortbow          |    56 |   103 |   108 ||   267
    Use: Scroll            |     6 |     5 |     3 ||    14
         Potion            |       |     4 |       ||     4
 Armour: Leather armour    |     4 |     1 |       ||     5
         Robe              |       |     9 |    18 ||    27
  Dodge: Dodged            |     5 |     8 |    21 ||    34
  Block: Other             |       |       |     8 ||     8

Table legend:
 A = Non-vault XP
 B = Vault XP
 C = Vault XP percentage of total XP
 D = Non-vault monster count
 E = Vault monster count
 F = Vault count percentage of total count
                 A         B        C        D         E       F
            +---------+---------+-------+---------+---------+-------
      Total |    1670 |     357 |  17.6 |      93 |       9 |   8.8
            +---------+---------+-------+---------+---------+-------
        D:1 |      21 |       6 |  22.2 |      10 |       4 |  28.6
        D:2 |      48 |     231 |  82.8 |      24 |       1 |   4.0
        D:3 |     276 |       4 |   1.4 |      22 |       2 |   8.3
        D:4 |     168 |       0 |   0.0 |      13 |       0 |   0.0
        D:5 |     828 |      36 |   4.2 |      19 |       1 |   5.0
        D:6 |     329 |      80 |  19.6 |       5 |       1 |  16.7
            +---------+---------+-------+---------+---------+-------
